 Dungeon Crawl Stone Soup version 0.30.0-29-ga12c61a403 (webtiles) character file.

Game seed: 9752951737481816530

5731 chorus the Severer (level 10, -12/95 HPs)
             Began as a Hill Orc Fighter on June 16, 2023.
             Was an Initiate of Gozag.
             Mangled by a death yak (14 damage)
             ... on level 8 of the Dungeon.
             The game lasted 00:17:44 (11531 turns).

chorus the Severer (Hill Orc Fighter)              Turns: 11531, Time: 00:17:45

Health: -12/95     AC: 12    Str: 33    XL:     10   Next: 77%
Magic:  3/3        EV:  9    Int: 17    God:    Gozag
Gold:   594        SH:  3    Dex:  5    Spells: 9/9 levels left

rFire   . . .        v - +7 hand axe of Karma {antimagic, Str+3 Int+9 Dex-5 Stlth+}
rCold   + . .        c - +0 buckler
rNeg    . . .        D - +2 chain mail {rC+}
rPois   +            M - +0 helmet
rElec   .            (no cloak)
rCorr   .            (no gloves)
SInv    .            (no boots)
Will    .....        (no amulet) Stlth
                     r - +6 ring of strength
HPRegen 0.35/turn    d - ring of poison resistance
MPRegen 0.08/turn

%: no passive effects
@: no status effects
A: no striking features
a: Renounce Religion, Potion Petition, Call Merchant, Bribe Branch


You were on level 8 of the Dungeon.
You worshipped Gozag.
Gozag was pleased with you.
You visited 2 branches of the dungeon, and saw 10 of its levels.

You collected 750 gold pieces.
You spent 33 gold pieces at shops.
You paid 123 gold pieces to Gozag.

Inventory:

Hand Weapons
 a - a +0 war axe
 t - a +0 hand axe of electrocution
 v - the +7 hand axe of Karma (weapon) {antimagic, Str+3 Int+9 Dex-5 Stlth+}
   (You found it on level 4 of the Dungeon)

   Str:       It affects your strength (+3).
   Int:       It affects your intelligence (+9).
   Dex:       It affects your dexterity (-5).
   Stlth:     It makes you more stealthy.
 L - a +2 hand axe of flaming
Missiles
 j - 4 curare-tipped darts
 u - 9 poisoned darts (quivered)
 H - a throwing net
Armour
 c - a +0 buckler (worn)
 D - a +2 chain mail of cold resistance (worn)
 M - a +0 helmet (worn)
Jewellery
 d - a ring of poison resistance (right hand)
 r - a +6 ring of strength (left hand)
 K - a +5 ring of evasion
Wands
 m - a wand of iceblast (14)
 G - a wand of light (7)
Scrolls
 b - a scroll of noise {unknown}
 f - 4 scrolls of identify {unknown}
 g - 4 scrolls of fog {unknown}
 i - a scroll of acquirement {unknown}
 n - 3 scrolls of vulnerability {unknown}
 o - a scroll of immolation {unknown}
 p - 3 scrolls of magic mapping {unknown}
 q - 4 scrolls of fear {unknown}
 s - 3 scrolls of teleportation {unknown}
 w - 2 scrolls of enchant weapon {unknown}
 B - a scroll of silence {unknown}
 C - 3 scrolls of amnesia {unknown}
 E - 3 scrolls of enchant armour {unknown}
 F - a scroll of brand weapon {unknown}
 J - a scroll of torment {unknown}
Potions
 e - 2 potions of magic {unknown}
 h - 4 potions of flight {unknown}
 k - 4 potions of curing
 l - a potion of lignification {unknown}
 x - 2 potions of attraction {unknown}
 z - a potion of mutation {unknown}
 A - 3 potions of brilliance {unknown}
 I - 2 potions of haste {unknown}


   Skills:
 - Level 11.0 Fighting
 + Level 16.9 Axes
 - Level 3.2 Armour
 - Level 3.2 Shields


You had 9 spell levels left.
You didn't know any spells.
Your spell library contained the following spells:

 Spells                   Type           Power      Damage    Failure   Level
 Sandblast                Erth           0%         2d4       69%         1
 Passwall                 Tmut/Erth      0%         N/A       83%         2
 Stone Arrow              Conj/Erth      0%         3d7       96%         3


Dungeon Overview and Level Annotations

Branches:
Dungeon (9/15)             Temple (1/1) D:7            Lair (0/5) D:9
    Orc: D:9-12

Altars:
Ashenzari
Cheibriados
Dithmenos
Elyvilon
Fedhas
Gozag
Hepliaklqana
Kikubaaqudgha
Makhleb
Nemelex Xobeh
Okawaru
Qazlal
Ru
Sif Muna
Trog
Uskayaw
Vehumet
Wu Jian
Xom
Yredelemnul
Zin
The Shining One

Shops:
D:1 *(!   D:4 :   D:7 [   D:8 =


Message History

The death yak gores you! The death yak gores you.
You block the death yak's attack.
You barely miss the death yak.
The death yak is lightly wounded.
You hit the death yak but do no damage. x2
You hit the death yak.
The death yak is lightly wounded.
You barely miss the death yak. You slash the death yak!
You block the death yak's attack. The death yak gores you. x2
You slice the death yak!!
The death yak is moderately wounded.
You slash the death yak! x2; The death yak gores you!
The death yak gores you but does no damage.
The death yak gores you!
Unknown command.
You hit the death yak.
The death yak is heavily wounded.
You hit the death yak but do no damage. You slash the death yak!
You hit the death yak.
The death yak is heavily wounded.
You hit the death yak but do no damage. x2; The death yak gores you.
The death yak gores you but does no damage.
The death yak gores you.
You completely miss the death yak.
The death yak is heavily wounded.
You hit the death yak. You hit the death yak but do no damage.
The death yak gores you!
* * * LOW HITPOINT WARNING * * *
The death yak gores you but does no damage. x2
You completely miss the death yak.
The death yak is heavily wounded.
You hit the death yak but do no damage. You slash the death yak!
You hit the death yak but do no damage.
The death yak is heavily wounded.
You hit the death yak but do no damage. You barely miss the death yak.
The death yak misses you. The death yak gores you!!
* * * LOW HITPOINT WARNING * * *
The death yak gores you!
You die...
Your body crumbles into a pile of gold.

##.......##~.~.#......
###..####.####'###...#..
##.....###.# #..........
#..###...#.# ##..#...#.#
#.#...#..#.# #..##.##.#
###.....#.#.#####..##.##.#
#.#..∩..#..........##.##.#
#.#.....#Y##)#........)...
#.##...#Y@##.#.[##.#####.#
#.#.###.Y.##)#.^##.# #.#
#.####.#####.#..##.# #.#
#.# #.# #....##.#####(#
#.# #.# #..#...........
#.# #.# #....##.#####.#
#.# #[# #.#.###.# #)# #.#
#.# #.#.###.#####.#
#.####.#####..............


You could see 3 death yaks.

Vanquished Creatures
  3 two-headed ogres (D:8)
  Pikel (D:5)
  Grinder (D:6)
  A slime creature (D:8)
  Sigmund (D:6)
  A shadow (D:8)
  2 wyverns
  A yak (D:8)
  2 steam dragons
  Edmund (D:5)
  4 orc warriors
  An ice beast (D:6)
  A sky beast (D:7)
  2 black bears
  A lemure (D:5)
  A kobold brigand (D:7)
  4 wights
  A killer bee (D:8)
  6 howler monkeys
  5 orc priests
  5 hounds
  A jelly (D:6)
  2 iguanas
  7 orc wizards
  Ijyb (D:5)
  6 gnolls
  6 adders
  A shadow imp (D:8)
  2 white imps
  3 ufetubi
  4 worms
  4 dart slugs
  26 orcs
  8 ball pythons
  8 bats
  10 endoplasms
  A giant cockroach (D:3)
  4 goblins
  9 hobgoblins
  17 jackals
  18 kobolds
  4 frilled lizards
  6 rats
193 creatures vanquished.

Notes
Turn   | Place    | Note
-------+----------+-------------------------------------------
     0 | D:1      | chorus the Hill Orc Fighter began the quest for the Orb.
     0 | D:1      | Reached XP level 1. HP: 19/19 MP: 1/1
    45 | D:1      | Reached skill level 3 in Axes
    60 | D:1      | Found Kestameb's Distillery.
    73 | D:1      | Reached XP level 2. HP: 26/26 MP: 2/2
    77 | D:1      | Reached skill level 4 in Axes
   230 | D:1      | Reached XP level 3. HP: 31/31 MP: 3/3
   254 | D:1      | Found Qaisur Giawu's General Store.
   623 | D:1      | Reached skill level 5 in Axes
   754 | D:1      | Found Qeotutol's Weapon Shop.
  1021 | D:1      | Bought a potion of curing for 33 gold pieces
  1088 | D:2      | Found a burning altar of Makhleb.
  1219 | D:2      | Reached XP level 4. HP: 35/39 MP: 4/4
  1735 | D:2      | Reached skill level 6 in Axes
  1787 | D:3      | Found a shadowy altar of Dithmenos.
  2131 | D:3      | Reached skill level 7 in Axes
  2131 | D:3      | Reached XP level 5. HP: 15/45 MP: 5/5
  2437 | D:3      | Reached skill level 8 in Axes
  2437 | D:3      | Reached XP level 6. HP: 43/51 MP: 6/6
  2771 | D:3      | Found a hazy altar of Hepliaklqana.
  3135 | D:4      | Noticed a black bear
  3159 | D:4      | Identified the +7 hand axe of Karma {antimagic, Str+3 Int+9
                  | Dex-5 Stlth+}
  3581 | D:4      | Found Bigedot's Book Shoppe.
  3610 | D:4      | Reached skill level 9 in Axes
  4237 | D:4      | Killed a black bear
  4238 | D:4      | Reached XP level 7. HP: 57/57 MP: 7/7
  4469 | D:5      | Entered Level 5 of the Dungeon
  4594 | D:5      | Reached skill level 10 in Axes
  4817 | D:5      | Noticed Pikel
  4839 | D:5      | Killed Pikel
  4840 | D:5      | Reached skill level 11 in Axes
  4840 | D:5      | Reached XP level 8. HP: 12/70 MP: 2/8
  5278 | D:5      | Noticed Ijyb
  5287 | D:5      | Killed Ijyb
  5513 | D:5      | Noticed Edmund
  5524 | D:5      | Killed Edmund
  6963 | D:6      | Noticed Grinder
  6983 | D:6      | Killed Grinder
  6984 | D:6      | Reached skill level 10 in Fighting
  6984 | D:6      | Reached XP level 9. HP: 67/85 MP: 3/9
  8122 | D:6      | Noticed Sigmund
  8129 | D:6      | Killed Sigmund
  8354 | D:7      | Found Unusa's Antique Armour Shoppe.
  8356 | D:7      | Found a staircase to the Ecumenical Temple.
  8366 | Temple   | Entered the Ecumenical Temple
  8437 | Temple   | Became a worshipper of Gozag Ym Sagoz the Greedy
  8485 | D:7      | Found a sacrificial altar of Ru.
  8485 | D:7      | Found a sparkling altar of Nemelex Xobeh.
  8492 | D:7      | Found a shimmering blue altar of Sif Muna.
  8494 | D:7      | Found a radiant altar of Vehumet.
  8496 | D:7      | Found a faded altar of an unknown god.
  8498 | D:7      | Identified the +1 robe "Ramael" {rC+ Str-4 Int+5 Dex-5}
  8587 | D:7      | Reached skill level 12 in Axes
  9439 | D:8      | Reached skill level 13 in Axes
  9691 | D:8      | Noticed a two-headed ogre
  9708 | D:8      | Killed a two-headed ogre
  9709 | D:8      | Reached skill level 14 in Axes
  9709 | D:8      | Reached XP level 10. HP: 42/95 MP: 3/10
  9901 | D:8      | Found Keycken's One-of-a-Kind Rings.
 10008 | D:8      | Noticed a blizzard demon
 10009 | D:8      | Found a burning altar of Makhleb.
 10009 | D:8      | Noticed a two-headed ogre
 10032 | D:8      | Killed a two-headed ogre
 10033 | D:8      | Reached skill level 15 in Axes
 10272 | D:8      | Found a glowing silver altar of Zin.
 10273 | D:8      | Noticed an angel
 10519 | D:8      | Noticed a two-headed ogre
 10529 | D:8      | Killed a two-headed ogre
 10536 | D:8      | Reached skill level 16 in Axes
 10678 | D:8      | Found an iron altar of Okawaru.
 10701 | D:9      | Noticed a death yak
 10701 | D:9      | Noticed a death yak
 10701 | D:9      | Noticed a death yak
 10701 | D:9      | Found a staircase to the Lair.
 11177 | D:9      | Noticed a death knight
 11520 | D:9      | Noticed a death yak
 11520 | D:9      | Noticed a death yak
 11520 | D:9      | Noticed a death yak
 11531 | D:8      | HP: 2/95 [death yak (19)]
 11531 | D:8      | Mangled by a death yak

Illustrated notes

Levels and vault maps discovered:
D:1:      minmay_arrival_up_and_down, layout_basic, serial_shops,
          nicolae_shop_stone, shop, shop
D:2:      layout_loops_ring, basic_altar
D:3:      layout_rooms, mainiacjoe_overflow_chevrons,
          mainiacjoe_overflow_surrounded_room
D:4:      layout_loops_ring, serial_shops, nicolae_book_shop_shelving,
          kennysheep_boxes
D:5:      layout_loops_corners, uniq_pikel, uniq_edmund, uniq_ijyb
D:6:      layout_gridville, uniq_grinder, uniq_sigmund
D:7:      layout_cave_pools, chequers_temple_overflow_minitemple,
          minmay_temple_entry_trees, serial_shops, shop
D:8:      layout_loops_ring, grunt_temple_overflow_order_and_chaos_2,
          okawaru_altar_gauntlet_db, nicolae_shop_unique_rings
D:9:      layout_roguey, dpeg_lair_monsters, zombieorc2_lemuel,
          minmay_pinched_square
Temple:   nicolae_temple_god_jail

Skill      XL: |  1  2  3  4  5  6  7  8  9 10 |
---------------+-------------------------------+-----
Axes           | 3 4 5 7 8 9 11 14 16 | 16.9
Fighting       | 6 10 11 | 11.0
Armour         | |  3.2
Shields        | |  3.2

Action                     |  1- 3 |  4- 6 |  7- 9 | 10-12 || total
---------------------------+-------+-------+-------+-------++-------
  Melee: War axe           |    93 |   155 |    23 |       ||   271
         Hand axe          |       |       |   202 |    75 ||   277
  Throw: Dart              |       |     3 |     3 |    10 ||    16
    Use: Potion            |       |       |     1 |       ||     1
 Armour: Scale mail        |    50 |    71 |       |       ||   121
         Chain mail        |       |     3 |    64 |    35 ||   102
  Dodge: Dodged            |    67 |    68 |    58 |    28 ||   221
  Block: Buckler           |    25 |    28 |    23 |    13 ||    89
